 Dungeon Crawl Stone Soup version 0.30-b1-2-g02819fbbbe (webtiles) character file.

Game seed: 13501836093596388619

2154 erloom the Martial Artist (level 9, -3/74 HPs)
             Began as a Red Draconian Transmuter on May 20, 2023.
             Was a Believer of Okawaru.
             Slain by a troll (13 damage)
             ... on level 7 of the Dungeon.
             The game lasted 00:12:31 (6070 turns).

erloom the Martial Artist (DrTm)                    Turns: 6070, Time: 00:12:31

Health: -3/74      AC:  2    Str: 12    XL:     9   Next: 10%
Magic:  13/15      EV: 20    Int: 16    God:    Okawaru [**....]
Gold:   403        SH:  0    Dex: 19    Spells: 12/16 levels left

rFire   . .          .
                       - Unarmed
rCold   . . .        (shield currently unavailable)
rNeg    . . .        (body armour unavailable)
rPois   x            (helmet currently unavailable)
rElec   .            t - melded +0 cloak
rCorr   .            (gloves currently unavailable)
SInv    .            (boots currently unavailable)
Will    .....        (no amulet)
Stlth   ++           (no ring)
HPRegen 0.32/turn    (no ring)
MPRegen 0.14/turn

%: no passive effects
@: spider-form (expiring)
A: venomous fangs, (breathe fire), AC +7, tiny, unfitting armour, (fire
resistance 1), (cold-blooded)
a: End Transformation, Renounce Religion, Heroism


You were on level 7 of the Dungeon.
You worshipped Okawaru.
Okawaru was pleased with you.
You were a venomous arachnid creature.
You visited 2 branches of the dungeon, and saw 8 of its levels.

You collected 403 gold pieces.

Inventory:

Hand Weapons
 b - a +4 sling
Missiles
 u - 3 boomerangs
 z - 25 stones
Armour
 t - a +0 cloak (melded)
 A - an orb of energy
Jewellery
 g - a ring of protection from cold
Wands
 D - a wand of polymorph (8)
Scrolls
 e - a scroll of poison {unknown}
 i - a scroll of teleportation {unknown}
 k - 2 scrolls of fog {unknown}
 m - 2 scrolls of amnesia {unknown}
 o - a scroll of enchant weapon {unknown}
 p - 2 scrolls of immolation {unknown}
 v - 2 scrolls of silence {unknown}
 w - a scroll of fear {unknown}
 x - a scroll of vulnerability {unknown}
 y - a scroll of noise {unknown}
 B - a scroll of identify
 C - a scroll of torment {unknown}
Potions
 a - a potion of lignification
 c - 2 potions of magic
 d - 6 potions of curing {unknown}
 f - 4 potions of ambrosia {unknown}
 h - a potion of haste
 j - 2 potions of degeneration
 l - 2 potions of attraction
 n - 2 potions of might
 q - a potion of flight {unknown}
 r - 3 potions of mutation {unknown}
 s - a potion of brilliance {unknown}


   Skills:
 - Level 5.0 Fighting
 - Level 3.0 Dodging
 + Level 8.3 Unarmed Combat
 - Level 4.0 Spellcasting
 - Level 6.0 Transmutations
 - Level 3.0 Poison Magic


You had 12 spell levels left.
You knew the following spells:

 Your Spells              Type           Power      Damage    Failure   Level
a - Beastly Appendage     Tmut           44%        N/A       6%          1
b - Spider Form           Tmut/Pois      17%        N/A       21%         3

Your spell library contained the following spells:

 Spells                   Type           Power      Damage    Failure   Level
 Wereblood                Tmut           22%        N/A       9%          2
 Ignite Poison            Fire/Tmut/Pois 12%        N/A       32%         3
 Apportation              Tloc           6%         N/A       36%         1
 Magic Dart               Conj           12%        1d3       36%         1
 Necrotise                Necr           12%        1d4       36%         1
 Cigotuvi's Dreadful Rot  Necr/Pois/Air  12%        N/A       36%         2
 Mephitic Cloud           Conj/Pois/Air  6%         N/A       54%         3
 Ice Form                 Ice/Tmut       12%        N/A       65%         4
 Ozocubu's Armour         Ice            3%         N/A       67%         3
 Freezing Cloud           Conj/Ice/Air   1%         6-21      100%        5
 Ozocubu's Refrigeration  Ice            1%         4d7       100%        7
 Summon Small Mammal      Summ           Unusable   N/A       N/A         1
 Call Imp                 Summ           Unusable   N/A       N/A         2

Dungeon Overview and Level Annotations

Branches:
Dungeon (7/15)             Temple (1/1) D:5

Altars:
Cheibriados
Dithmenos
Elyvilon
Fedhas
Kikubaaqudgha
Okawaru
Ru
Sif Muna
Trog
Uskayaw
Vehumet

Shops:
D:6 [


Innate Abilities, Weirdness & Mutations

You are a venomous arachnid creature.
You have venomous fangs.
You are tiny and dextrous.
Your spellcasting is less reliable in this form.
Your armour is entirely melded.
You are incapable of wielding weapons or throwing items.
((You can breathe blasts of fire.))
((Your fiery red scales are hard. (AC +7)))
You cannot fit into any form of body armour.
((Your flesh is heat resistant. (rF+)))
((You are cold-blooded and may be slowed by cold attacks.))


Message History

There is a stone staircase leading up here.
Unknown command.
Unknown command.
Okay, then.
Okay, then.
Casting: Spider Form (dangerous; 8% risk of failure)
Confirm with . or Enter, or press ? or * to list all spells.
You turn into a venomous arachnid creature.
Your +0 cloak melds into your body.
The iguana completely misses you.
You bite the iguana!
The iguana is poisoned.
The iguana is heavily wounded.
The iguana barely misses you.
You hit the iguana.
The iguana is almost dead.
The iguana misses you.
You hit the iguana.
You kill the iguana!
Okawaru accepts your kill.
You hit the troll.
The troll is poisoned.
The troll is lightly wounded.
The troll misses you. The troll closely misses you. The troll claws you.
You hit the troll but do no damage.
The troll looks as sick as possible!
The troll is lightly wounded.
The troll bites you! The troll misses you. The troll claws you!
You hit the troll.
The troll looks as sick as possible!
The troll is lightly wounded.
The troll bites you! The troll claws you. The troll misses you.
You hit the troll but do no damage.
The troll looks as sick as possible!
The troll is moderately wounded.
The troll bites you!
* * * LOW HITPOINT WARNING * * *
The troll closely misses you. The troll completely misses you.
Your transformation is almost over.
The troll attacks as you move away! The troll misses you.
The troll claws you but does no damage. The troll closely misses you.
The troll attacks as you move away! The troll completely misses you.
The troll claws you.
* * * LOW HITPOINT WARNING * * *
The troll claws you!
You die...

#...........
#...........
#...........
#........... ..
#...........
...#...........
#.............
##.....####+#######
..........sT........
#######..##..#########
##..#.#.........
....>#.########
##.##+#<########
#.#............
#.+............
###......#####
#...##.#


You could see a troll (extremely poisoned).

Vanquished Creatures
  Grinder (D:6)
  Prince Ribbit (D:6)
  Sigmund (D:5)
  Eustachio (D:4)
  Menkaure (D:6)
  2 black bears (D:6)
  An ice beast (D:6)
  A sky beast (D:6)
  An ogre (D:4)
  A centaur (D:5)
  A bullfrog (D:6)
  2 scorpions
  An orc priest (D:4)
  Crazy Yiuf (D:3)
  3 hounds (D:5)
  A jelly (D:6)
  Jessica (D:2)
  Terence (D:2)
  2 orc wizards
  3 iguanas
  Robin (D:2)
  3 gnolls (D:2)
  9 adders
  A white imp (D:5)
  2 ufetubi (D:6)
  2 worms
  3 dart slugs
  9 orcs
  9 endoplasms
  4 giant cockroaches
  9 goblins
  7 hobgoblins
  11 jackals
  7 quokkas
  5 ball pythons
  3 bats
  4 frilled lizards
  5 kobolds
  3 rats
124 creatures vanquished.

Vanquished Creatures (others)
  A fungus (D:3)
1 creature vanquished.

Grand Total: 125 creatures vanquished

Notes
Turn   | Place    | Note
-------+----------+-------------------------------------------
     0 | D:1      | erloom the Draconian Transmuter began the quest for the
                  | Orb.
     0 | D:1      | Reached XP level 1. HP: 16/16 MP: 3/3
   165 | D:1      | Reached XP level 2. HP: 21/23 MP: 5/5
   670 | D:2      | Noticed Jessica
   672 | D:2      | Killed Jessica
   673 | D:2      | Reached skill level 4 in Unarmed Combat
   673 | D:2      | Reached XP level 3. HP: 28/28 MP: 6/6
   739 | D:2      | Noticed Terence
   903 | D:2      | Noticed Robin
   922 | D:2      | Reached XP level 4. HP: 31/35 MP: 5/7
   931 | D:2      | Killed Robin
   932 | D:2      | Reached skill level 5 in Unarmed Combat
  1325 | D:2      | Reached XP level 5. HP: 40/40 MP: 6/8
  1438 | D:2      | Reached skill level 6 in Unarmed Combat
  2633 | D:3      | Found a runed translucent door.
  2634 | D:3      | Noticed Crazy Yiuf
  2642 | D:3      | Killed Crazy Yiuf
  2643 | D:3      | Reached XP level 6. HP: 32/47 MP: 4/10
  2694 | D:3      | Learned a level 3 spell: Spider Form
  3244 | D:4      | Reached skill level 1 in Poison Magic
  3386 | D:4      | Identified the +2 falchion of Uvaum {venom, rElec rC- SInv
                  | Stlth+}
  3700 | D:2      | Killed Terence
  3804 | D:5      | Entered Level 5 of the Dungeon
  3818 | D:5      | Noticed Eustachio
  3818 | D:5      | Noticed Sigmund
  3843 | D:4      | Killed Eustachio
  3844 | D:4      | Your scales start taking on a fiery red colour.
  3844 | D:4      | Reached XP level 7. HP: 40/52 MP: 8/12
  3844 | D:4      | Gained mutation: Your flesh is heat resistant. (rF+) [Red
                  | Draconian growth]
  3892 | D:5      | Killed Sigmund
  4056 | D:5      | Reached skill level 5 in Transmutations
  4269 | D:5      | Found a staircase to the Ecumenical Temple.
  4276 | Temple   | Entered the Ecumenical Temple
  4285 | Temple   | Became a worshipper of Warmaster Okawaru
  4721 | D:6      | Noticed Prince Ribbit
  4735 | D:6      | Killed Prince Ribbit
  4736 | D:6      | Reached XP level 8. HP: 40/61 MP: 11/14
  4880 | D:6      | Reached * piety under Okawaru
  5028 | D:6      | Found a sacrificial altar of Ru.
  5094 | D:6      | Reached skill level 7 in Unarmed Combat
  5128 | D:6      | Noticed Grinder
  5179 | D:6      | Killed Grinder
  5255 | D:6      | Found Lucs's Armour Boutique.
  5398 | D:6      | Reached ** piety under Okawaru
  5514 | D:6      | Found an ancient bone altar of Kikubaaqudgha.
  5688 | D:6      | Found a hide-covered altar of Uskayaw.
  5693 | D:6      | Noticed Menkaure
  5706 | D:6      | Reached skill level 5 in Fighting
  5706 | D:6      | Reached XP level 9. HP: 74/74 MP: 11/15
  5713 | D:6      | Killed Menkaure
  5714 | D:6      | Reached skill level 8 in Unarmed Combat
  5779 | D:7      | Noticed a troll
  5795 | D:7      | HP: 3/74 [troll (3)]
  6070 | D:7      | Slain by a troll

Illustrated notes

Levels and vault maps discovered:
D:1:      tarquinn_simple_flora_water_f, layout_basic
D:2:      layout_basic, uniq_terence, uniq_jessica, uniq_robin
D:3:      layout_loops_corners, nicolae_hexahallways,
          hangedman_decor_clover_reticule, serial_bayou_pond_e, st_stairs_14,
          uniq_crazy_yiuf_cottage
D:4:      layout_basic
D:5:      layout_loops_ring, minmay_temple_entry_arrows, uniq_eustachio,
          uniq_sigmund
D:6:      layout_loops_ring, nicolae_ru_great_annihilating_truth,
          mainiacjoe_overflow_catch_the_wave, minmay_liquid_box,
          nicolae_take_the_stairs, hangedman_decor_peaks_small,
          uniq_prince_ribbit1, uniq_grinder, uniq_menkaure
D:7:      layout_basic, grunt_decor_resistance
Temple:   hellmonk_temple_of_storms

Skill      XL: |  1  2  3  4  5  6  7  8  9 |
---------------+----------------------------+-----
Unarmed Combat | 4 5 6 7 8 |  8.3
Transmutations | 3 4 6 |  6.0
Spellcasting   | 3 4 |  4.0
Poison Magic   | 2 3 |  3.0
Fighting       | 2 5 |  5.0
Dodging        | 2 3 |  3.0

Action                     |  1- 3 |  4- 6 |  7- 9 || total
---------------------------+-------+-------+-------++-------
  Melee: Unarmed           |    97 |   233 |   149 ||   479
         Tailslap          |     9 |    21 |    12 ||    42
         Kick              |     5 |    31 |     8 ||    44
         Headbutt          |     3 |    15 |     5 ||    23
         Punch             |       |     5 |     5 ||    10
   Cast: Beastly Appendage |     2 |    13 |     5 ||    20
         Spider Form       |       |     3 |     9 ||    12
Ability: Breathe Fire      |       |       |     1 ||     1
    Use: Scroll            |       |     4 |     1 ||     5
         Potion            |       |       |     1 ||     1
   Stab: Sleeping          |       |     1 |     1 ||     2
         Paralysed         |       |       |     1 ||     1
 Armour: Skin              |    39 |    48 |    32 ||   119
  Dodge: Dodged            |    65 |   125 |   129 ||   319
